 Dungeon Crawl Stone Soup version 0.16.2-12-gd0ad4c3 (webtiles) character file.

144 SlimeFever the Firebug (level 5, -5/42 HPs)
             Began as a Naga Fire Elementalist on Mar 14, 2016.
             Slain by Menkaure (14 damage)
             ... on level 4 of the Dungeon.
             The game lasted 00:24:04 (2794 turns).

SlimeFever the Firebug (Naga Fire Elementalist)     Turns: 2794, Time: 00:24:04

Health: -5/42      AC:  3    Str: 10    XL:     5   Next: 26%
Magic:  9/10       EV: 14    Int: 15    God:
Gold:   132        SH:  0    Dex: 13    Spells: 3 memorised, 3 levels left

rFire  . . .     SeeInvis +     j - +2 dagger (speed)
rCold  . . .     Clarity  .     a - +0 robe
rNeg   . . .     SustAb   .     (no shield)
rPois  +         Gourm    .     g - +0 helmet
rElec  .         Spirit   .     (no cloak)
rCorr  .         Warding  .     (no gloves)
rMut   .         Stasis   .     (no barding)
MR     .....                    (no amulet)
Stlth  +++.......               (no ring)
                                n - +4 ring of evasion

@: very slow, not resistant to hostile enchantments, fairly stealthy
A: spit poison, see invisible, deformed body, poison resistance, slowness 2, AC
+1
a: Spit Poison


You were on level 4 of the Dungeon.
You were not hungry.

You visited 1 branch of the dungeon, and saw 4 of its levels.

You collected 132 gold pieces.

Inventory:

Hand weapons
 j - a +2 dagger of speed (weapon)
 p - a +0 short sword
Missiles
 e - 10 arrows of flame
 s - 24 arrows
Armour
 a - a +0 robe (worn)
 g - a +0 helmet (worn)
Jewellery
 n - a +4 ring of evasion (left hand)
Scrolls
 l - 2 scrolls of remove curse {unknown}
 o - a scroll of amnesia {unknown}
 t - a scroll of teleportation
 u - a scroll of identify
Potions
 d - a potion of flight
 f - a potion of brilliance {unknown}
 h - 2 potions of heal wounds {unknown}
 i - 4 potions of curing {unknown}
 k - 2 potions of restore abilities {unknown}
Books
 b - a book of Flames

   Spells                             Type                      Level
   a - Flame Tongue                   Conjuration/Fire             1
   b - Throw Flame                    Conjuration/Fire             2
   c - Conjure Flame                  Conjuration/Fire             3
   d - Inner Flame                    Hexes/Fire                   3
   e - Sticky Flame                   Conjuration/Fire             4
   f - Fireball                       Conjuration/Fire             5
Comestibles
 c - 4 bread rations
 m - 4 fruits
 q - a slice of pizza
 r - a beef jerky


   Skills:
 * Level 1.9 Dodging
 * Level 3.9 Stealth
 + Level 2.9 Spellcasting
 + Level 2.4 Conjurations
 * Level 4.0 Fire Magic


You had 3 spell levels left.
You knew the following spells:

 Your Spells              Type           Power        Failure   Level  Hunger
a - Flame Tongue          Conj/Fire      ##...        8%          1    #......
b - Throw Flame           Conj/Fire      ##....       12%         2    ##.....
c - Conjure Flame         Conj/Fire      ##......     21%         3    ###....


Dungeon Overview and Level Annotations

Branches:
Dungeon (4/15)
 Temple: D:4-7

Altars:
Trog

Annotations:
D:4 Menkaure


Innate Abilities, Weirdness & Mutations

You cannot wear boots.
You can spit poison.
Your serpentine skin is tough (AC +1).
You have supernaturally acute eyesight.
Armour fits poorly on your strangely shaped body.
Your system is resistant to poisons.
You cover ground very slowly.


Message History

The active ballistomycete is severely damaged.
You hit the active ballistomycete.
The active ballistomycete is almost destroyed.
You hit the active ballistomycete.
You destroy the active ballistomycete!
The fungal colony is destroyed.
Menkaure, Prince of Dust comes into view.
A bat comes into view.
The bat moves out of view.
Menkaure calls on the powers of darkness!
Your body is wracked with pain!
Menkaure barely misses you.
Menkaure calls on the powers of darkness!
Your body is wracked with pain!
* * * LOW HITPOINT WARNING * * *
Menkaure misses you.
Menkaure sighs, "Let me perform the rites..."
Menkaure closely misses you. Menkaure hits you!
You die...

......#..........
.......#...........
.........#...........
..........#...........
...........#..(...b.....
............'.....#+##..
............#.....'..#
............#.M...#).+
..........)..#.@...# .#
. .##..##..#.....# #
.....##)<###'#.....#
#............#.....#
#............#.....#
+....##..##..#.....#
#.... #..##..#.....# ...
#.......#.....# .
+.......#.....#


You could see Menkaure and a bat.

Vanquished Creatures
  An orc wizard (D:3)
  3 gnolls (D:2)
  An adder (D:2)
  A giant mite (D:3)
  2 worms (D:2)
  A giant gecko (D:3)
  3 orcs (D:3)
  A ball python (D:1)
  11 bats
  6 hobgoblins
  5 giant cockroaches
  5 giant newts
  A giant spore (D:4)
  8 goblins
  8 kobolds
  4 rats
  A ballistomycete (D:4)
62 creatures vanquished.

Vanquished Creatures (others)
  A wizard (D:3)
1 creature vanquished.

Grand Total: 63 creatures vanquished

Notes
Turn   | Place    | Note
--------------------------------------------------------------
     0 | D:1      | SlimeFever, the Naga Fire Elementalist, began the quest for the Orb.
     0 | D:1      | Reached XP level 1. HP: 15/15 MP: 3/3
   299 | D:1      | Reached XP level 2. HP: 20/22 MP: 1/4
   309 | D:1      | Learned a level 2 spell: Throw Flame
   991 | D:2      | Reached XP level 3. HP: 24/28 MP: 0/6
  1028 | D:2      | HP: 1/28 [gnoll/halberd of distortion (6)]
  1496 | D:2      | Reached XP level 4. HP: 24/36 MP: 2/8
  2203 | D:3      | Reached XP level 5. HP: 29/42 MP: 5/10
  2206 | D:3      | Reached skill level 4 in Fire Magic
  2303 | D:3      | Learned a level 3 spell: Conjure Flame
  2523 | D:3      | Found a bloodstained altar of Trog.
  2525 | D:3      | Noticed a wizard
  2529 | D:3      | Killed a wizard
  2783 | D:4      | Noticed Menkaure
  2794 | D:4      | Slain by Menkaure

Action                   |  1- 3 |  4- 6 || total
-------------------------+-------+-------++-------
Melee: Unarmed           |    10 |       ||    10
       Halberd           |       |    17 ||    17
       Short sword       |       |    11 ||    11
       Spear             |       |     2 ||     2
       Dagger            |       |    15 ||    15
 Cast: Flame Tongue      |    37 |    32 ||    69
       Throw Flame       |     6 |    16 ||    22
 Abil: Spit Poison       |     5 |     1 ||     6
  Use: Scroll            |     2 |     2 ||     4
 Stab: Distracted        |       |     1 ||     1
  Eat: Meat ration       |     1 |     1 ||     2
       Fruit             |     1 |       ||     1
